 Dungeon Crawl Stone Soup version 0.21.1-1-g345015f (webtiles) character file.

17528 grindst0ne the Markscentaur (level 12, -5/104 HPs)
             Began as a Centaur Hunter on Feb 28, 2018.
             Was a Believer of Okawaru.
             Slain by Gastronok (32 damage)
             ... on level 1 of the Lair of Beasts.
             The game lasted 00:42:40 (13312 turns).

grindst0ne the Markscentaur (Centaur Hunter)       Turns: 13312, Time: 00:42:41

Health: -5/104     AC:  7    Str: 17    XL:     12   Next: 19%
Magic:  16/16      EV: 12    Int: 16    God:    Okawaru [**....]
Gold:   54         SH:  4    Dex: 12    Spells: 9/11 levels left

rFire    . . .     SeeInvis .   b - +1 whip (flame)
rCold    . . .     Gourm    .   (no shield)
rNeg     . . .     Faith    .   c - +0 leather armour
rPois    .         Spirit   .   (no helmet)
rElec    .         Reflect  +   w - +0 cloak
rCorr    .         Harm     .   n - +1 pair of gloves
MR       .....                  (no barding)
Stlth    +.........             h - +4 amulet of reflection
HPRegen  0.27/turn              r - ring of flight
MPRegen  0.15/turn              (no ring)

@: brilliant, slowed
A: large, hooves 3, deformed body, speed 2, tough skin 3
a: Heroism, Renounce Religion, Evoke Flight


You were on level 1 of the Lair of Beasts.
You worshipped Okawaru.
Okawaru was pleased with you.
You were hungry.

You visited 3 branches of the dungeon, and saw 11 of its levels.

You collected 696 gold pieces.
You spent 642 gold pieces at shops.

Inventory:

Hand Weapons
 a - a +1 shortbow
 b - a +1 whip of flaming (weapon)
 F - a +0 battleaxe
Armour
 c - a +0 leather armour (worn)
 n - a +1 pair of gloves (worn)
 w - a +0 cloak (worn)
 G - a scarf of cloud immunity
Jewellery
 h - a +4 amulet of reflection (around neck)
 r - a ring of flight (left hand)
Wands
 j - a wand of digging (11)
Scrolls
 e - 2 scrolls of noise
 k - a scroll of immolation {unknown}
 l - 5 scrolls of enchant armour
 m - 7 scrolls of teleportation
 p - 4 scrolls of remove curse
 q - 2 scrolls of fog {unknown}
 u - 2 scrolls of magic mapping {unknown}
 D - 2 scrolls of enchant weapon
 J - a scroll of fear
Potions
 g - 3 potions of degeneration
 o - 2 potions of resistance
 s - 3 potions of brilliance
 t - a potion of curing {unknown}
 v - 5 potions of lignification
 x - 2 potions of magic
 z - a potion of flight
 A - a potion of ambrosia
 B - a potion of mutation
Books
 C - a book of Minor Magic

   Spells                             Type                      Level
   a - Magic Dart                     Conjuration                  1
   b - Blink                          Translocation                2
   c - Call Imp                       Summoning                    2
   d - Slow                           Hexes                        2
   e - Conjure Flame                  Conjuration/Fire             3
   f - Mephitic Cloud                 Conjuration/Poison/Air       3
 H - a book of Changes

   Spells                             Type                      Level
   a - Beastly Appendage              Transmutation                1
   b - Sticks to Snakes               Transmutation                2
   c - Spider Form                    Transmutation/Poison         3
   d - Ice Form                       Ice/Transmutation            4
   e - Blade Hands                    Transmutation                5
 I - a book of Conjurations

   Spells                             Type                      Level
   a - Magic Dart                     Conjuration                  1
   b - Searing Ray                    Conjuration                  2
   c - Dazzling Spray                 Conjuration/Hexes            3
   d - Fulminant Prism                Conjuration/Hexes            4
   e - Force Lance                    Conjuration/Translocation    4
   f - Iskenderun's Mystic Blast      Conjuration                  4
Comestibles
 d - a chunk of flesh
 f - 21 rations


   Skills:
 - Level 9.0 Fighting
 + Level 15.4 Bows
 - Level 7.0 Dodging
 - Level 0.4 Stealth
 - Level 8.0 Translocations
 + Level 3.7 Invocations
 - Level 6.0 Evocations


You had 9 spell levels left.
You knew the following spells:

 Your Spells              Type           Power        Failure   Level  Hunger
a - Blink                 Tloc           N/A          1%          2    ###....


Dungeon Overview and Level Annotations

Branches:
Dungeon (9/15)             Temple (1/1) D:5            Lair (1/6) D:9
    Orc: D:9-12

Altars:
Dithmenos
Elyvilon
Fedhas
Gozag
Hepliaklqana
Kikubaaqudgha
Makhleb
Nemelex Xobeh
Okawaru
Qazlal
Ru
Sif Muna
Trog
Uskayaw
Vehumet
Xom
Yredelemnul
Zin
The Shining One

Shops:
D:5 *   D:9 =%(?

Annotations:
D:5 exclusion: 2 downstairs
Lair:1 Gastronok


Innate Abilities, Weirdness & Mutations

You have hooves in place of feet.
Armour fits poorly on your strangely shaped body.
You cover ground very quickly.
You have extremely tough skin. (AC +3)


Message History

b - a +1 whip of flaming (weapon)
Your transformation is almost over.
Gastronok's mouth opens, radula flailing wildly.
Gastronok waves his eye-stalks in wide circles.
The air twists around and strikes you!
* * * LOW HITPOINT WARNING * * *
Gastronok waves his eye-stalks in wide circles.
The air twists around and strikes you!
* * * LOW HITPOINT WARNING * * *
You feel much better.
You completely miss Gastronok.
Gastronok is severely wounded.
You hit Gastronok but do no damage.
Gastronok is severely wounded.
You feel less wooden.
Your +0 cloak unmelds from your body.
Your +1 pair of gloves unmelds from your body.
Your +0 leather armour unmelds from your body.
Gastronok bites you!!
You die...

#.....##.....##....####.###.
+.....##.....##.....#.....'.
#(....##.....##....##....##.
#.....##.....##....##....##.
.##....w.#.....##....#.....##.
........##.....##....##....##. ##
.##.....##.P#..##....#.....##.
.##+ #.....(.(###.##....########.
.............((w@.......##.####..
............[....................
.................................
.................................
............###.##....#.#.##.P.#.
#..#+##...... #.##....#..........
... #.....# .................P.
.... #..... .........#..........
.... .......#..........


You could see Gastronok.

Vanquished Creatures
  A two-headed ogre (D:9)
  The ghost of VLARC the Martial Artist, a novice DgTm (D:6)
  Pikel (D:7)
  Joseph (D:8)
  A spiny frog (Lair:1)
  A komodo dragon (Lair:1)
  A freezing wraith (D:8)
  A troll (D:9)
  Grinder (D:6)
  Prince Ribbit (D:9)
  A hippogriff (D:8)
  Sigmund (D:3)
  2 wyverns
  8 yaks
  2 wraiths (D:8)
  A basilisk (Lair:1)
  A hungry ghost (D:7)
  A water moccasin (Lair:1)
  3 porcupines (Lair:1)
  A sky beast (D:7)
  3 orc warriors
  An ice beast (D:5)
  2 black bears
  8 ogres
  4 slaves (D:7)
  2 phantoms
  2 necrophages
  2 centaurs
  2 crocodiles
  Blork the orc (D:8)
  3 bullfrogs
  5 scorpions
  5 wights (D:8)
  2 crimson imps
  5 hounds
  Crazy Yiuf (D:3)
  5 orc priests
  2 bullfrog skeletons
  7 orc wizards
  A centaur skeleton (D:5)
  2 jellies
  Ijyb (D:4)
  2 iguanas
  5 worker ants
  A killer bee zombie (D:8)
  A hound skeleton (D:6)
  2 worker ant zombies
  A gnoll (D:1)
  12 adders
  5 worms
  4 dart slugs
  5 leopard geckos
  24 orcs
  6 bats
  4 giant cockroaches
  6 goblins
  5 hobgoblins
  11 jackals
  2 quokkas
  A ball python (D:1)
  6 frilled lizards
  5 kobolds
  A leopard gecko skeleton (D:6)
  A quokka skeleton (D:5)
  A quokka zombie (D:6)
  6 rats
214 creatures vanquished.

Notes
Turn   | Place    | Note
-------+----------+-------------------------------------------
     0 | D:1      | grindst0ne the Centaur Hunter began the quest for the Orb.
     0 | D:1      | Reached XP level 1. HP: 17/17 MP: 1/1
   254 | D:1      | Reached skill level 6 in Bows
   254 | D:1      | Reached XP level 2. HP: 17/24 MP: 2/2
   446 | D:1      | Reached XP level 3. HP: 29/29 MP: 3/3
   775 | D:1      | Found a glowing golden altar of the Shining One.
  1008 | D:2      | Reached skill level 7 in Bows
  1283 | D:2      | Reached XP level 4. HP: 36/36 MP: 4/4
  1974 | D:3      | Reached skill level 8 in Bows
  2335 | D:3      | Found a runed door.
  2549 | D:3      | Reached XP level 5. HP: 41/41 MP: 5/5
  2551 | D:3      | Noticed Sigmund
  2570 | D:3      | HP: 2/41 [something (4)]
  2616 | D:3      | Killed Sigmund
  2616 | D:3      | Reached skill level 9 in Bows
  2616 | D:3      | Reached XP level 6. HP: 25/48 MP: 6/6
  2813 | D:3      | Noticed Crazy Yiuf
  2854 | D:3      | Killed Crazy Yiuf
  2966 | D:4      | Reached skill level 10 in Bows
  3200 | D:4      | Noticed Ijyb
  3232 | D:4      | Killed Ijyb
  3232 | D:4      | Reached skill level 11 in Bows
  3232 | D:4      | Reached XP level 7. HP: 55/55 MP: 7/7
  3740 | D:4      | Reached skill level 12 in Bows
  4002 | D:5      | Entered Level 5 of the Dungeon
  4171 | D:5      | Reached XP level 8. HP: 32/61 MP: 8/8
  4369 | D:5      | Reached skill level 13 in Bows
  5051 | D:5      | Learned a level 2 spell: Blink
  5151 | D:5      | Reached skill level 1 in Translocations
  5256 | D:5      | Reached skill level 1 in Evocations
  5429 | D:5      | Found Ziapniv's General Store.
  5434 | D:5      | Bought a scroll of enchant armour for 82 gold pieces
  5434 | D:5      | Bought a scroll of enchant weapon for 82 gold pieces
  5434 | D:5      | Bought a potion of agility for 44 gold pieces
  5439 | D:5      | Reached XP level 9. HP: 67/82 MP: 9/9
  5506 | D:5      | Found a staircase to the Ecumenical Temple.
  5607 | D:6      | Noticed Blork the orc
  5607 | D:6      | Noticed VLARC's ghost (novice DgTm)
  6984 | D:6      | Noticed Grinder
  6984 | D:6      | Paralysed by Grinder for 4 turns
  6992 | D:6      | Killed Grinder
  7674 | D:7      | Reached XP level 10. HP: 91/91 MP: 12/12
  7682 | D:7      | Reached skill level 14 in Bows
  7838 | D:7      | Found a shimmering altar of Xom.
  7838 | D:7      | Found a shimmering altar of Xom.
  7844 | D:7      | Found a shimmering altar of Xom.
  7922 | D:7      | Noticed Pikel
  7942 | D:7      | Killed Pikel
  8393 | D:6      | Killed VLARC's ghost
  9302 | Temple   | Entered the Ecumenical Temple
  9335 | Temple   | Became a worshipper of Warmaster Okawaru
  9540 | D:8      | Killed Blork the orc
  9633 | D:8      | Noticed a death knight
  9672 | D:8      | Reached XP level 11. HP: 61/97 MP: 14/14
 10242 | D:8      | Reached * piety under Okawaru
 10525 | D:8      | Noticed Joseph
 10553 | D:8      | Killed Joseph
 10553 | D:8      | Reached skill level 5 in Evocations
 11050 | D:9      | Found an ancient bone altar of Kikubaaqudgha.
 11197 | D:9      | Found Yngaisya's Jewellery Boutique.
 11241 | D:9      | Bought a +4 amulet of reflection for 324 gold pieces
 11432 | D:9      | Found a staircase to the Lair.
 11663 | D:9      | Reached skill level 15 in Bows
 11679 | D:9      | Reached skill level 1 in Invocations
 11808 | D:9      | Found Mecook's Food Shoppe.
 11878 | D:9      | Noticed Prince Ribbit
 11896 | D:9      | Killed Prince Ribbit
 11966 | D:9      | Found Hiplanos's Weapon Boutique.
 12059 | D:9      | Noticed a two-headed ogre
 12073 | D:9      | Killed a two-headed ogre
 12255 | D:9      | Reached ** piety under Okawaru
 12255 | D:9      | Reached XP level 12. HP: 104/104 MP: 16/16
 12305 | D:9      | Found Nisoig's Magic Scroll Boutique.
 12313 | D:9      | Bought a scroll of teleportation for 51 gold pieces
 12313 | D:9      | Bought a scroll of fear for 59 gold pieces
 12365 | Lair:1   | Entered Level 1 of the Lair of Beasts
 13221 | Lair:1   | Noticed Gastronok
 13312 | Lair:1   | Slain by Gastronok

Skill      XL: |  1  2  3  4  5  6  7  8  9 10 11 12 |
---------------+-------------------------------------+-----
Bows           | 6 7 8 9 11 12 13 14 15 | 15.4
Translocations | 7 8 |  8.0
Evocations     | 1 2 4 5 6 |  6.0
Fighting       | 8 9 |  9.0
Dodging        | 6 7 |  7.0
Invocations    | 2 3 |  3.7
Stealth        | |  0.4

Action                   |  1- 3 |  4- 6 |  7- 9 | 10-12 || total
-------------------------+-------+-------+-------+-------++-------
Melee: Short sword       |    24 |    15 |   158 |    26 ||   223
       Kick              |     5 |     2 |    52 |    22 ||    81
       Whip              |       |       |       |    73 ||    73
 Fire: Shortbow          |    71 |   158 |   179 |   528 ||   936
Throw: Throwing net      |       |       |       |     1 ||     1
 Cast: Blink             |       |       |       |     3 ||     3
Evoke: Wand              |       |     5 |     9 |     1 ||    15
  Use: Potion            |       |     3 |     2 |     6 ||    11
       Scroll            |       |       |     5 |     3 ||     8
  Eat: Chunk             |       |     4 |     9 |     9 ||    22
       Ration            |       |       |     1 |     1 ||     2
Armor: Leather armour    |    22 |    24 |    91 |    59 ||   196
Dodge: Dodged            |    34 |    25 |   103 |    93 ||   255
Block: Other             |       |       |       |     5 ||     5
